 Dungeon Crawl Stone Soup version 0.22.0-27-ga576289 (webtiles) character file.

121 Monsterracer the Skirmisher (level 5, 0/64 HPs)
             Began as a Merfolk Enchanter on Aug 22, 2018.
             Was a Follower of Nemelex Xobeh.
             Slain by an orc
             ... wielding a +4 dagger
              (3 damage)
             ... on level 3 of the Dungeon.
             The game lasted 00:04:51 (3600 turns).

Monsterracer the Skirmisher (Merfolk Enchanter)     Turns: 3600, Time: 00:04:52

Health: 0/64       AC:  2    Str: 18    XL:     5   Next: 5%
Magic:  8/8        EV: 13    Int: 14    God:    Nemelex Xobeh [*.....]
Gold:   122        SH:  0    Dex: 14    Spells: 5/8 levels left

rFire    . . .     SeeInvis .   a - +1 dagger
rCold    . . .     Gourm    .   (no shield)
rNeg     . . .     Faith    .   g - +0 robe (curse)
rPois    .         Spirit   .   (no helmet)
rElec    .         Reflect  .   (no cloak)
rCorr    .         Harm     .   (no gloves)
MR       .....                  (no boots)
Stlth    ..........             (no amulet)
HPRegen  0.20/turn              k - +3 ring of strength
MPRegen  0.11/turn              (no ring)

@: berserking, very quick
A: change form in water, swift swim, stealthy swim
a: Renounce Religion


You were on level 3 of the Dungeon.
You worshipped Nemelex Xobeh.
Nemelex Xobeh was aware of your devotion.
You were not hungry.

You visited 1 branch of the dungeon, and saw 3 of its levels.

You collected 122 gold pieces.

Inventory:

Hand Weapons
 a - a +1 dagger (weapon)
Armour
 g - a cursed +0 robe (worn)
Jewellery
 k - a +3 ring of strength (left hand)
Scrolls
 d - a scroll of enchant armour {unknown}
 e - a scroll of identify {unknown}
 f - 4 scrolls of remove curse {unknown}
 l - 2 scrolls of teleportation {unknown}
 n - a scroll of enchant weapon {unknown}
 o - a scroll of immolation {unknown}
 p - a scroll of random uselessness {unknown}
Potions
 b - a potion of magic {unknown}
 h - a potion of curing {unknown}
 j - a potion of degeneration {unknown}
Miscellaneous
 m - an ornate deck of destruction
Comestibles
 c - 5 rations


   Skills:
 * Level 4.4 Fighting
 - Level 1.2 Short Blades
 + Level 3.3 Dodging
 - Level 3.2 Stealth
 - Level 2.0 Spellcasting
 - Level 3.0 Hexes
 + Level 1.0 Invocations


You had 5 spell levels left.
You knew the following spells:

 Your Spells              Type           Power        Failure   Level  Hunger
a - Corona                Hex            #......      7%          1    ##.....
b - Ensorcelled Hibernat  Hex/Ice        #.....       19%         2    ###....

Your spell library contained the following spells:

 Spells                   Type           Power        Failure   Level  Hunger
 Confuse                  Hex            #.......     21%         3    ####...
 Tukima's Dance           Hex            #.......     21%         3    ####...
 Dazzling Spray           Conj/Hex       #.....       36%         3    ####...


Dungeon Overview and Level Annotations

Branches:
Dungeon (3/15)

Altars:
Nemelex Xobeh
Uskayaw


Message History

You feel stronger.
k - a +3 ring of strength (left hand)
The helpless giant cockroach fails to defend itself.
You impale the giant cockroach!!
You kill the giant cockroach!
You now have 122 gold pieces (gained 2).
p - a scroll labeled COH DYAKAM No target in view!
Key pressed, stopping explore.
No target in view!
Key pressed, stopping explore.
No target in view!
Key pressed, stopping explore.
No target in view!
No target in view!
The orc is too close now for your liking.
The orc completely misses you.
You hit the orc.
The orc is heavily wounded.
The orc hits you with a flail.
You take 5 damage, and have 38/43 hp.
An orc is nearby!
You hit the orc.
The orc is severely wounded.
The orc hits you with a flail!
You take 10 damage, and have 28/43 hp.
MASSIVE DAMAGE!!
An orc is nearby!
You are too injured to fight recklessly!
You are too injured to fight recklessly!
An orc is nearby!
You are too injured to fight recklessly!
You are too injured to fight recklessly!
An orc is nearby!
You are too injured to fight recklessly!
You are too injured to fight recklessly!
You hit the orc.
You kill the orc!
Your Invocations skill increases to level 1!
The orc is too close now for your liking.
An orc is nearby!
An orc is nearby!
You are too injured to fight recklessly!
You are too injured to fight recklessly!
Things that are here:
a flail; a scroll labeled MOMIMPASOZ You closely miss the orc.
The orc barely misses you.
You hit the orc.
The orc is moderately wounded.
You hit the orc.
The orc is heavily wounded.
The orc misses you.
You barely miss the orc.
The orc is heavily wounded.
The orc shouts!
The orc priest shouts!
The orc hits you with a flail.
You take 2 damage, and have 27/43 hp.
You hit the orc but do no damage.
The orc is heavily wounded.
The orc barely misses you.
You barely miss the orc.
The orc is heavily wounded.
The orc priest mumbles some strange prayers to Beogh against you.
Beogh smites you!
* * * LOW HITPOINT WARNING * * *
The orc misses you.
You take 8 damage, and have 19/43 hp.
You barely miss the orc.
The orc is heavily wounded.
You hit the orc.
The orc is severely wounded.
The orc barely misses you.
You hit the orc but do no damage.
The orc is severely wounded.
The orc closely misses you.
Unknown command.
You hit the orc.
The orc is severely wounded.
The orc hits you with an enchanted dagger.
* * * LOW HITPOINT WARNING * * *
The orc closely misses you.
You take 5 damage, and have 15/43 hp.
You barely miss the orc.
The orc is severely wounded.
The orc hits you with an enchanted dagger.
* * * LOW HITPOINT WARNING * * *
You take 3 damage, and have 12/43 hp.
You hit the orc but do no damage.
The orc is severely wounded.
The orc barely misses you.
The orc hits you with an enchanted dagger.
* * * LOW HITPOINT WARNING * * *
The orc priest hits you with a dagger.
* * * LOW HITPOINT WARNING * * *
You take 10 damage, and have 2/43 hp.
MASSIVE DAMAGE!!
It was a potion of berserk rage.
A red film seems to cover your vision as you go berserk!
You feel yourself moving faster!
You feel mighty! The orc barely misses you.
The orc hits you with an enchanted dagger.
You die...
Your body disappears without a glow.

#...............# ##..#
#...............###...#
#.......(.......##..#.#
####...............##.##.#
[..................##.##.#
...................#..##.#
...<.................###.#
...(.......#...oo..#####.######
.........#.#####@####.....(<..#
.>.......#... #o####.........#
...#########.# #.##...........#
...# ##_## ...#........o.....#
...# 8...8# .......#.ooo.....#
...##.....# ..........)l######
[#.# ..8 ..........# ...#
.#.........#### ...#
######......#


You could see an orc priest and 2 orcs.

Vanquished Creatures
  A hound (D:2)
  3 adders (D:2)
  An ooze (D:2)
  A worm (D:2)
  A dart slug (D:1)
  A leopard gecko (D:1)
  An orc (D:3)
  5 giant cockroaches
  10 goblins
  2 hobgoblins
  4 jackals (D:1)
  6 kobolds
  2 quokkas (D:2)
  A ball python (D:2)
  4 bats
  3 frilled lizards
  5 rats
  A plant (D:1)
52 creatures vanquished.

Notes
Turn   | Place    | Note
-------+----------+-------------------------------------------
     0 | D:1      | Monsterracer the Merfolk Enchanter began the quest for the Orb.
     0 | D:1      | Reached XP level 1. HP: 13/13 MP: 3/3
    14 | D:1      | HP: 4/13 [leopard gecko (3)]
   369 | D:1      | Reached skill level 1 in Fighting
   520 | D:1      | Reached XP level 2. HP: 21/22 MP: 5/5
   532 | D:1      | Reached skill level 2 in Fighting
   544 | D:1      | HP: 11/22 [jackal (2)]
   546 | D:1      | HP: 5/22 [jackal (3)]
  1798 | D:2      | HP: 11/23 [adder (3)]
  1800 | D:2      | Reached skill level 3 in Fighting
  1800 | D:2      | Reached XP level 3. HP: 14/29 MP: 4/6
  1808 | D:2      | Learned a level 2 spell: Ensorcelled Hibernation
  2214 | D:2      | Found a sparkling altar of Nemelex Xobeh.
  2218 | D:2      | Became a worshipper of Nemelex Xobeh the Trickster
  2440 | D:2      | Reached XP level 4. HP: 33/37 MP: 4/7
  2595 | D:2      | Reached skill level 4 in Fighting
  2680 | D:2      | Received a gift from Nemelex Xobeh
  3054 | D:3      | Found a hide-covered altar of Uskayaw.
  3071 | D:2      | HP: 16/37 [hound (6)]
  3078 | D:2      | HP: 10/38 [goblin (2)]
  3348 | D:2      | Reached XP level 5. HP: 23/43 MP: 0/8
  3572 | D:3      | Reached * piety under Nemelex Xobeh
  3582 | D:3      | Reached skill level 1 in Invocations
  3593 | D:3      | HP: 19/43 [orc priest/divine providence (8)]
  3598 | D:3      | HP: 12/43 [orc/enchanted dagger (3)]
  3599 | D:3      | HP: 2/43 [orc priest/dagger (6)]
  3600 | D:3      | Slain by an orc

Skill      XL: |  1  2  3  4  5 |
---------------+----------------+-----
Fighting       | 1 3 4 |  4.4
Dodging        | 3 |  3.3
Invocations    | 1 |  1.0
Short Blades   | |  1.2
Stealth        | |  3.2
Spellcasting   | |  2.0
Hexes          | |  3.0

Action                   |  1- 3 |  4- 6 || total
-------------------------+-------+-------++-------
Melee: Dagger            |   273 |    83 ||   356
 Cast: Corona            |     8 |       ||     8
       Ensorcelled Hiber |     2 |     7 ||     9
  Use: Potion            |       |     1 ||     1
 Stab: Sleeping          |    11 |     6 ||    17
  Eat: Chunk             |     5 |     5 ||    10
Armor: Robe              |    21 |    13 ||    34
Dodge: Dodged            |    95 |    74 ||   169

Vault maps used:
D:1:      sevenhm_arrival_forest_fort_large_4, serial_forest,
          infiniplex_forest_straight_3, infiniplex_forest_clump_double,
          infiniplex_forest_clump_double, infiniplex_forest_clump_long,
          infiniplex_forest_clump_double, infiniplex_forest_clump_double,
          infiniplex_forest_straight_2, infiniplex_forest_lined_2
D:2:      first_ration, nemelex_lonely_heart_becter
D:3:      nicolae_overflow_hidden_temple, uniq_jessica, uniq_sigmund
